 Dungeon Crawl Stone Soup version 0.30-a0-862-g1aabd4f9c5 (webtiles) character file.

Game seed: 4235467569655041921

94 Aneyh the Trooper (level 4, -1/27 (29) HPs)
             Began as a Tengu Monk on Mar 9, 2023.
             Slain by an orc priest
             ... wielding a +2 mace of draining
              (2 damage)
             ... on level 2 of the Dungeon.
             The game lasted 00:04:46 (1695 turns).

Aneyh the Trooper (Tengu Monk)                      Turns: 1695, Time: 00:04:47

HP:   -1/27 (29)    AC:  4    Str: 13    XL:     4   Next: 63%
MP:   2/5           EV: 13    Int: 10    God:
Gold: 89            SH:  0    Dex: 17    Spells: 2/3 levels left

rFire   . . .      SeeInvis .    d - +0 long sword
rCold   . . .      Faith    .    (no shield)
rNeg    . . .      Spirit   .    f - +0 leather armour
rPois   .          Reflect  .    (helmet restricted)
rElec   .          Rampage  .    (no cloak)
rCorr   .                        v - +0 pair of gloves
Will    .....                    (boots unavailable)
Stlth   ++                       (no amulet)
HPRegen 0.24/turn                (no ring)
MPRegen 0.09/turn                (no ring)

@: very slightly contaminated, drained
A: beak, talons 3
a: no special abilities


You were on level 2 of the Dungeon.
You visited 1 branch of the dungeon, and saw 2 of its levels.

You collected 89 gold pieces.

Inventory:

Hand Weapons
 a - a +0 spear
 d - a +0 long sword (weapon)
Missiles
 l - 2 atropa-tipped darts
 t - 10 poisoned darts
Armour
 b - a +0 robe
 f - a +0 leather armour (worn)
 v - a +0 pair of gloves (worn)
Magical Staves
 g - a staff of cold
Jewellery
 i - a ring of wizardry
 q - a ring of poison resistance
Scrolls
 j - a scroll of amnesia {unknown}
 m - a scroll of identify {unknown}
 n - a scroll of torment {unknown}
 p - a scroll of magic mapping {unknown}
 u - a scroll of teleportation {unknown}
Potions
 c - a potion of ambrosia
 e - 2 potions of flight {unknown}
 h - a potion of brilliance {unknown}
 k - a potion of berserk rage {unknown}
 o - a potion of invisibility {unknown}
 r - a potion of heal wounds
 s - 2 potions of cancellation {unknown}


   Skills:
 + Level 4.0 Fighting
 * Level 3.3 Long Blades
 - Level 3.3 Polearms
 - Level 3.2 Dodging
 - Level 2.0 Stealth


You had 2 spell levels left.
You knew the following spells:

 Your Spells              Type           Power      Damage    Failure   Level
a - Shock                 Conj/Air       0%         1d3       43%         1

Your spell library contained the following spells:

 Spells                   Type           Power      Damage    Failure   Level
 Sandblast                Erth           0%         2d4       43%         1
 Ensorcelled Hibernation  Hex/Ice        0%         N/A       58%         2
 Momentum Strike          Conj/Tloc      0%         3d8       58%         2
 Passwall                 Tmut/Erth      0%         N/A       58%         2
 Spider Form              Tmut/Pois      0%         N/A       82%         3
 Stone Arrow              Conj/Erth      0%         3d7       82%         3
 Anguish                  Hex/Necr       0%         N/A       99%         4
 Manifold Assault         Tloc           0%         N/A       99%         4
 Arcjolt                  Conj/Air       0%         1d10      100%        5


Dungeon Overview and Level Annotations

Branches:
Dungeon (2/15)

Altars:


Innate Abilities, Weirdness & Mutations

You have a beak for a mouth.
You have claws for feet.


Message History

You kill the quokka!
The endoplasm hits you.
You hit the endoplasm. You claw the endoplasm.
You kill the endoplasm!
No target in view!
Your magical contamination has completely faded away.
u - a scroll labelled YTZOCVOIGU
Found a pair of gloves.
Found an escape hatch in the floor.
You see here a +0 pair of gloves.
v - a +0 pair of gloves You start putting on your armour.
You continue putting on your +0 pair of gloves. x4
You finish putting on your +0 pair of gloves.
An orc priest comes into view. It is wielding a +2 mace of draining.
The zap hits the orc priest but does no damage.
The orc priest shouts!
The orc priest invokes the aid of Beogh against you.
Beogh smites you!
The zap hits the orc priest.
The orc priest is lightly wounded.
You miscast Shock.
You are very lightly contaminated with residual magic.
Nothing appears to happen.
You hit the orc priest but do no damage.
You claw the orc priest.
You peck the orc priest, but do no damage.
The orc priest is moderately wounded.
The orc priest hits you but does no damage.
You feel drained.
You hit the orc priest.
You claw the orc priest, but do no damage.
The orc priest is moderately wounded.
The orc priest invokes the aid of Beogh against you.
Beogh smites you!
* * * LOW HITPOINT WARNING * * *
The orc priest hits you with a +2 mace of draining!
* * * LOW HITPOINT WARNING * * *
You feel drained.
You die...

#...# #.#####
#####..)####### #......
#.............###..###.
.......................
#.......#.......#..#.#.
..####...#.8...8.#....†.
. #...#.......#.##.##
#.o.#.......#.# .# #
#.@.#.......#... # ##>
#...#.8...8.#.##.## .
...
###...#.......#...... #.
..#
#...#.##.....##....##
#.# #.#
##.#.#.###.⌠.###..#...
... #.###....#..
######.....## #.#
##......###...........#
# #.###.###....#
.....#.....#### #.#.##
##.#.# ..#..#.>.......


You could see an orc priest.

Vanquished Creatures
  An orc wizard (D:2)
  A gnoll (D:1)
  An adder (D:2)
  2 dart slugs (D:1)
  5 orcs (D:2)
  3 ball pythons
  4 endoplasms
  2 giant cockroaches
  2 goblins (D:2)
  4 hobgoblins (D:1)
  3 jackals (D:1)
  2 quokkas (D:2)
  6 bats
  3 frilled lizards
  A kobold (D:1)
  2 rats (D:1)
42 creatures vanquished.

Notes
Turn   | Place    | Note
-------+----------+-------------------------------------------
     0 | D:1      | Aneyh the Tengu Monk began the quest for the Orb.
     0 | D:1      | Reached XP level 1. HP: 14/14 MP: 2/2
    22 | D:1      | Noticed a floating eye
    24 | D:1      | Found a faded altar of an unknown god.
    27 | D:1      | Noticed a great orb of eyes
   137 | D:1      | Reached skill level 1 in Long Blades
   137 | D:1      | Reached XP level 2. HP: 11/19 MP: 3/3
   180 | D:1      | Noticed an eye of devastation
   186 | D:1      | Noticed a shining eye
   290 | D:1      | Got the Catalogue of Austromancy and the Blink Frog
   379 | D:1      | Learned a level 1 spell: Shock
   518 | D:1      | Reached XP level 3. HP: 13/23 MP: 0/4
  1144 | D:2      | Reached XP level 4. HP: 21/29 MP: 3/5
  1491 | D:2      | Reached skill level 4 in Fighting
  1695 | D:2      | HP: 1/28 [orc priest/+2 mace of draining (7)]
  1695 | D:2      | Slain by an orc priest

Illustrated notes

Levels and vault maps discovered:
D:1:      dpeg_arrival_rooms_b, layout_basic,
          hellmonk_ecumenical_altar_watching_god, corner_web_ring
D:2:      cheibrodos_pilgrimage, layout_loops_cross

Skill      XL: |  1  2  3  4 |
---------------+-------------+-----
Long Blades    | 1 3 |  3.3
Fighting       | 4 |  4.0
Polearms       | |  3.3
Dodging        | |  3.2
Stealth        | |  2.0

Action                     |  1- 3 |  4- 6 || total
---------------------------+-------+-------++-------
  Melee: Long sword        |    61 |    21 ||    82
         Kick              |    14 |     8 ||    22
         Peck              |     7 |     6 ||    13
         Punch             |     2 |       ||     2
   Cast: Shock             |     6 |    12 ||    18
    Use: Potion            |     1 |       ||     1
   Stab: Sleeping          |     4 |       ||     4
 Armour: Leather armour    |    14 |     3 ||    17
  Dodge: Dodged            |    43 |    12 ||    55

Table legend: (Time is in decaauts)
 A = Elapsed time spent in this place.
 B = Non-inter-level travel time spent in this place.
 C = Inter-level travel time spent in this place.
 D = Time resting spent in this place.
 E = Time spent auto-exploring this place.
 F = Levels seen in this place.
 G = Mean time per level.
                   A        B        C        D        E       F      G
               +--------+--------+--------+--------+--------+-----+--------+
         Total |   1719 |   1702 |     17 |    168 |   1090 |   2 |  859.5 |
       Dungeon |   1719 |   1702 |     17 |    168 |   1090 |   2 |  859.5 |
               +--------+--------+--------+--------+--------+-----+--------+

Top non-repeatable levels by time:
     D:1: 1071 daAuts
     D:2: 647 daAuts
